 Dungeon Crawl Stone Soup version 0.31-a0-217-g58bb5d79cf (webtiles) character file.

Game seed: 5618333631798226671

148 qw the Chopper (level 5, 0/32 HPs)
             Began as a Gargoyle Fighter on July 2, 2023.
             Slain by a kobold
             ... wielding the +8 hand axe of Gozag, Enfolding {freeze, rC- rN+ Int+8}
              (3 damage)
             ... on level 2 of the Dungeon.
             The game lasted 00:00:38 (1367 turns).

qw the Chopper (Gargoyle Fighter)                   Turns: 1367, Time: 00:00:39

Health: 0/32       AC: 10    Str: 21    XL:     5   Next: 30%
Magic:  5/5        EV:  9    Int:  9    God:
Gold:   45         SH:  4    Dex:  9    Spells: 4/4 levels left

rFire   . . .        Y - +0 war axe
rCold   . . .        c - +0 buckler
rNeg    + . .        b - +0 scale mail
rPois   inf          (no helmet)
rElec   +            (no cloak)
rCorr   .            (no gloves)
SInv    .            (no boots)
Will    .....        (no amulet) Stlth
                     (no ring)
HPRegen 0.25/turn    (no ring)
MPRegen 0.09/turn

%: no passive effects
@: no status effects
A: sickness immunity, AC +4, negative energy resistance 1, electricity
resistance, torment resistance 1, petrification resistance
a: no special abilities


You were on level 2 of the Dungeon.
You visited 1 branch of the dungeon, and saw 2 of its levels.

You collected 45 gold pieces.


Innate Abilities, Weirdness & Mutations

You are immune to sickness and miasma.
Your stone body is resilient. (AC +4)
You are immune to poison.
You resist negative energy. (rN+)
You are resistant to electric shocks. (rElec)
You are resistant to unholy torment.
You are immune to petrification.


   Skills:
 - Level 3.2 Fighting
 + Level 4.8 Axes
 - Level 3.2 Armour
 - Level 3.2 Shields


You had 4 spell levels left.
You didn't know any spells.
Your spell library was empty.

Inventory:

Hand Weapons
 a - a +0 flail
 Y - a +0 war axe (weapon)
Armour
 b - a +0 scale mail (worn)
 c - a +0 buckler (worn)
Potions
 d - 2 potions of might
 e - a potion of invisibility {unknown}
 f - a potion of lignification {unknown}
 g - a potion of haste {unknown}

Dungeon Overview and Level Annotations

Branches:
Dungeon (2/15)

Altars:
Sif Muna

Shops:
D:2 (


Message History

You kill the hobgoblin!
You slash the goblin!
You kill the goblin!
You closely miss the hobgoblin. You hit Robin but do no damage.
You completely miss the hobgoblin.
The hobgoblin no longer looks unusually strong.
The hobgoblin hits you but does no damage.
The hobgoblin closely misses you.
Robin's horned helmet rattles.
Robin roars a battlecry!
The hobgoblin goes into a battle-frenzy!
You slash the hobgoblin!
You kill the hobgoblin!
You closely miss the hobgoblin. You hit Robin. You slash the endoplasm!
You kill the endoplasm!
Robin barely misses you. The hobgoblin closely misses you.
You slash Robin!
You kill Robin!
You closely miss the hobgoblin.
The hobgoblin hits you but does no damage.
You barely miss the worm. You closely miss the kobold. You hit the hobgoblin.
The kobold hits you but does no damage. You block the hobgoblin's attack.
The worm bites you! You block the hobgoblin's attack.
The kobold hits you with the +8 hand axe of Gozag, Enfolding {freeze, rC- rN+ Int+8}.
The kobold freezes you.
You barely miss the hobgoblin.
The hobgoblin is moderately wounded.
You barely miss the kobold. You completely miss the worm.
The kobold closely misses you.
The hobgoblin hits you but does no damage.
The worm bites you.
You barely miss the hobgoblin.
The hobgoblin is moderately wounded.
You hit the worm. You barely miss the kobold. You block the kobold's attack.
You block the hobgoblin's attack.
You hit the worm.
The worm is severely wounded.
You closely miss the hobgoblin. You hit the kobold but do no damage.
The kobold hits you with the +8 hand axe of Gozag, Enfolding {freeze, rC- rN+ Int+8}.
You die...

###..## .. .#
####...## ..
.# ##....###
#. .# #..####
.#####.
.###.##
.......
.##..#
#.....#.#..##
#....wg)..##
#)@K###
#.?.##
#>...###
##.## #. #. #


You could see a worm, a hobgoblin (strong) and a kobold.

Vanquished Creatures
  Jessica (D:2)
  Robin (D:2)
  2 adders (D:2)
  5 gnolls
  A dart slug (D:1)
  3 bats
  4 endoplasms (D:2)
  9 goblins
  5 hobgoblins
  A jackal (D:1)
  3 ball pythons
  2 frilled lizards (D:1)
  4 kobolds
  5 rats
46 creatures vanquished.

Notes
Turn   | Place    | Note
-------+----------+-------------------------------------------
     0 | D:1      | qw the Gargoyle Fighter began the quest for the Orb.
     0 | D:1      | Reached XP level 1. HP: 14/14 MP: 1/1
     0 | D:1      | 0 ||| qw: Version: 0.3-a-40-ge99b1a8
     0 | D:1      | 0 ||| qw: Game counter: 181
     0 | D:1      | 0 ||| qw: Melee chars always use a shield: true
     0 | D:1      | 0 ||| qw: God list: Okawaru
     0 | D:1      | 0 ||| qw: Allow faded altars: false
     0 | D:1      | 0 ||| qw: Do Orc after clearing Dungeon:15 true
     0 | D:1      | 0 ||| qw: Do second Lair branch before Depths: true
     0 | D:1      | 0 ||| qw: Lair rune preference: random
     0 | D:1      | 0 ||| qw: Goals: Normal, Zot:1-4, Slime:5, God:TSO, Crypt,
                  | Tomb, Abyss, Pan, Hells, Win
     0 | D:1      | 0 ||| PLANNING D:1-11
   125 | D:1      | Reached skill level 2 in Axes
   127 | D:1      | 127 ||| Stepping ~*~*~tactically~*~*~ (stealth).
   130 | D:1      | 130 ||| DROPPING +0 club.
   131 | D:1      | 131 ||| Stepping ~*~*~tactically~*~*~ (stealth).
   395 | D:1      | Reached XP level 2. HP: 19/19 MP: 2/2
   450 | D:1      | Reached skill level 3 in Axes
   464 | D:1      | Reached XP level 3. HP: 23/23 MP: 3/3
   465 | D:1      | Found a shimmering blue altar of Sif Muna.
   551 | D:1      | 551 ||| DROPPING +0 whip.
   853 | D:1      | 853 ||| READING scroll labelled ZEZUCSEIDGHEO.
   854 | D:1      | 854 ||| READING scroll labelled JOUTELI BARESUSCH.
   855 | D:1      | 855 ||| READING scroll labelled TIPRUXK FOOTS.
   875 | D:2      | 875 ||| STAIRDANCE
   908 | D:2      | Found Ajoved's Weapon Shoppe.
   915 | D:2      | HP: 3/23 [gnoll/+0 spear (3)]
   916 | D:2      | Reached XP level 4. HP: 4/28 MP: 4/4
   920 | D:2      | Reached skill level 4 in Axes
  1022 | D:2      | 1022 ||| DROPPING +0 mace.
  1118 | D:2      | Noticed Jessica
  1119 | D:2      | 1119 ||| FLEEEEING.
  1120 | D:2      | 1120 ||| FLEEEEING.
  1121 | D:2      | 1121 ||| FLEEEEING.
  1122 | D:2      | 1122 ||| FLEEEEING.
  1123 | D:2      | 1123 ||| FLEEEEING.
  1124 | D:2      | 1124 ||| FLEEEEING.
  1137 | D:2      | HP: 5/28 [Jessica/puff of flame (10)]
  1138 | D:2      | Killed Jessica
  1255 | D:2      | 1255 ||| Stepping ~*~*~tactically~*~*~ (stealth).
  1256 | D:2      | 1256 ||| Stepping ~*~*~tactically~*~*~ (stealth).
  1257 | D:2      | 1257 ||| Stepping ~*~*~tactically~*~*~ (stealth).
  1258 | D:2      | 1258 ||| Stepping ~*~*~tactically~*~*~ (stealth).
  1269 | D:2      | Reached XP level 5. HP: 25/32 MP: 5/5
  1342 | D:2      | 1342 ||| Stepping ~*~*~tactically~*~*~ (stealth).
  1345 | D:2      | Identified the +8 hand axe of Gozag, Enfolding {freeze, rC-
                  | rN+ Int+8}
  1349 | D:2      | Noticed Robin
  1363 | D:2      | Killed Robin
  1364 | D:2      | HP: 6/32 [kobold/the +8 hand axe of Gozag, Enfolding
                  | {freeze, rC- rN+ Int+8} (5)]
  1367 | D:2      | Slain by a kobold

Levels and vault maps discovered:
D:1:      lightli_arrival_farm, layout_basic, minmay_hexomino_r4
D:2:      layout_basic, serial_shops, shop, minmay_cut_off, uniq_jessica,
          uniq_robin

Skill      XL: |  1  2  3  4 |
---------------+-------------+-----
Axes           | 2 3 4 |  4.8
Fighting       | |  3.2
Armour         | |  3.2
Shields        | |  3.2

Action                     |  1- 3 |  4- 6 || total
---------------------------+-------+-------++-------
  Melee: War axe           |    53 |    60 ||   113
    Use: Scroll            |     3 |       ||     3
 Armour: Scale mail        |    28 |    26 ||    54
  Dodge: Dodged            |    23 |    34 ||    57
  Block: Buckler           |    16 |    15 ||    31

Table legend:
 A = Non-vault XP
 B = Vault XP
 C = Vault XP percentage of total XP
 D = Non-vault monster count
 E = Vault monster count
 F = Vault count percentage of total count
                 A         B        C        D         E       F
            +---------+---------+-------+---------+---------+-------
      Total |     127 |      85 |  40.1 |      27 |      19 |  41.3
            +---------+---------+-------+---------+---------+-------
        D:1 |      41 |      13 |  24.1 |      12 |       6 |  33.3
        D:2 |      86 |      72 |  45.6 |      15 |      13 |  46.4
            +---------+---------+-------+---------+---------+-------
